 Dungeon Crawl Stone Soup version 0.27.1-35-g4d5d836560 (console) character file.

Game seed: 3505350830045695485

2332086 grimtooth the Brawler (level 27, 258/287 HPs)
             Began as a Troll Arcane Marksman on Apr 24, 2022.
             Was the Champion of Okawaru.
             Escaped with the Orb
             ... and 4 runes on May 2, 2022!
             The game lasted 10:19:33 (75523 turns).

grimtooth the Brawler (Troll Arcane Marksman)      Turns: 75523, Time: 10:19:33

Health: 258/287    AC: 33    Str: 37    XL:     27
Magic:  5/31       EV: 13    Int: 21    God:    Okawaru [******]
Gold:   7205       SH: 34    Dex:  8    Spells: 2/38 levels left

rFire    + . .     SeeInvis .     - Unarmed
rCold    + . .     Faith    .   i - +4 tower shield {rC+ rF+}
rNeg     + + .     Spirit   +   E - +10 pearl dragon scales
rPois    .         Reflect  +   N - +2 hat of the Bear Spirit {Spirit, +Rage rN+ Will++}
rElec    .         Harm     .   L - +2 cloak {rCorr}
rCorr    +         Rampage  .   (gloves unavailable)
Will     +++++     Rnd*Rage +   (boots unavailable)
Stlth    +.........             g - amulet of reflection
HPRegen  1.57/turn              j - ring of the Mage {Wiz Will++ Int+3}
MPRegen  0.22/turn              b - ring "Faeh" {Str+9 Slay+4}

@: heroic, finesse-ful, studying 4 skills
A: large, unfitting armour, claws 3, regeneration 1, shaggy fur 1, tough skin 1,
beak, berserk 1, clumsy 1, deformed body, mutation resistance 1, strong 1
0: Orb of Zot
}: 4/15 runes: decaying, serpentine, slimy, silver
a: Renounce Religion, Evoke Berserk Rage, Heroism, Finesse


You escaped.
You worshipped Okawaru.
Okawaru was exalted by your worship.
You visited 12 branches of the dungeon, and saw 58 of its levels.
You also visited: Trove, Ossuary, Ice Cave and Wizlab.

You collected 12593 gold pieces.
You spent 5388 gold pieces at shops.

Inventory:

Missiles
 c - 11 throwing nets {=f}
 k - 14 atropa-tipped darts
 l - 26 curare-tipped darts
 p - 30 javelins (quivered)
 u - 101 large rocks
 x - 64 silver javelins
Armour
 i - a +4 tower shield of resistance (worn)
 E - +10 pearl dragon scales (worn)
 L - a +2 cloak of preservation (worn)
 N - the +2 hat of the Bear Spirit (worn) {Spirit, +Rage rN+ Will++}
   (You found it on level 7 of the Dungeon)

   rN:        It protects you from negative energy.
   +Rage:     It lets you go berserk.
   Will:      It greatly increases your willpower.
 W - a +2 cloak of poison resistance
Jewellery
 b - the ring "Faeh" (right claw) {Str+9 Slay+4}
   (You took it off a gnoll on level 7 of the Dungeon)

   [ring of slaying]

   Str:       It affects your strength (+9).
   Slay:      It affects your accuracy & damage with ranged weapons and melee
   (+4).
 g - an amulet of reflection (around neck)
 j - the ring of the Mage (left claw) {Wiz Will++ Int+3}
   (You found it on level 3 of the Depths)

   [ring of wizardry]

   It improves your spell success rate.
   Int:       It affects your intelligence (+3).
   Will:      It greatly increases your willpower.
 n - a +4 ring of slaying
 t - the ring of Okawaru's Esteem {rElec rF+ rN+ Str+4 Dex-4}
   (You bought it in a shop on level 2 of the Orcish Mines)

   [ring of positive energy]

   Str:       It affects your strength (+4).
   Dex:       It affects your dexterity (-4).
   rF:        It protects you from fire.
   rElec:     It insulates you from electricity.
   rN:        It protects you from negative energy.
 Z - the ring "Guhuxarph" {Fly rC+ Str+4 Stlth+}
   (You found it on level 4 of the Lair of Beasts)

   [ring of flight]

   Str:       It affects your strength (+4).
   rC:        It protects you from cold.
   Fly:       It grants you flight.
   Stlth:     It makes you more stealthy.
Wands
 a - a wand of polymorph (41)
 H - a wand of mindburst (26)
 J - a wand of digging (17)
 K - a wand of paralysis (41)
 Q - a wand of iceblast (30)
 S - a wand of acid (20)
 Y - a wand of charming (3)
Scrolls
 d - 26 scrolls of teleportation
 o - 8 scrolls of blinking
 v - 3 scrolls of summoning
 w - 2 scrolls of silence
 y - 7 scrolls of magic mapping
 C - 5 scrolls of vulnerability
 G - 11 scrolls of fog
 M - 4 scrolls of holy word
 P - 2 scrolls of fear
Potions
 e - 9 potions of brilliance
 f - 3 potions of magic
 q - 3 potions of invisibility
 r - 6 potions of ambrosia
 s - 2 potions of heal wounds
 A - 10 potions of curing
 B - 10 potions of haste
 D - 7 potions of might
 F - 7 potions of flight
 O - 8 potions of resistance
 R - 6 potions of cancellation
Miscellaneous
 h - a lightning rod (4/4)
 I - a condenser vane
 T - a phial of floods
 U - a phantom mirror
 V - a tin of tremorstones (2/2)


   Skills:
 + Level 19.0(24.0) Fighting
 - Level 15.0(20.0) Throwing
 - Level 18.0(23.0) Armour
 - Level 15.0(20.0) Dodging
 - Level 15.0(20.0) Shields
 - Level 20.0(25.0) Unarmed Combat
 - Level 6.0 Spellcasting
 - Level 14.0 Hexes
 - Level 14.0 Translocations
 - Level 10.0 Invocations
 - Level 11.0 Evocations


You had 2 spell levels left.
You knew the following spells:

 Your Spells              Type           Power      Damage    Failure   Level
a - Slow                  Hex            60%        N/A       1%          2
b - Passage of Golubria   Tloc           N/A        N/A       1%          4
d - Dispersal             Tloc           30%        N/A       2%          6
f - Cause Fear            Hex            30%        N/A       1%          4
g - Gell's Gravitas       Tloc           30%        N/A       1%          3
k - Blink                 Tloc           N/A        N/A       1%          2
p - Apportation           Tloc           100%       N/A       1%          1
v - Invisibility          Hex            30%        N/A       2%          6
x - Portal Projectile     Hex/Tloc       100%       N/A       1%          3
z - Manifold Assault      Tloc           60%        N/A       1%          5

Your spell library contained the following spells:

 Spells                   Type           Power      Damage    Failure   Level
 Corona                   Hex            66%        N/A       1%          1
 Ensorcelled Hibernation  Hex/Ice        70%        N/A       1%          2
 Animate Skeleton         Necr           12%        N/A       6%          1
 Foxfire                  Conj/Fire      24%        2x1d5     6%          1
 Freeze                   Ice            24%        1d5       6%          1
 Magic Dart               Conj           24%        1d4       6%          1
 Shock                    Conj/Air       24%        1d4       6%          1
 Sting                    Tmut/Pois      24%        1d4       6%          1
 Summon Small Mammal      Summ           24%        N/A       6%          1
 Call Imp                 Summ           6%         N/A       9%          2
 Corpse Rot               Necr/Air       N/A        N/A       9%          2
 Poisonous Vapours        Pois/Air       12%        N/A       9%          2
 Searing Ray              Conj           12%        3d3       9%          2
 Static Discharge         Conj/Air       6%         N/A       9%          2
 Sublimation of Blood     Necr           3%         N/A       9%          2
 Wereblood                Tmut           6%         N/A       9%          2
 Confusing Touch          Hex            60%        N/A       1%          3
 Dazzling Flash           Conj/Hex       70%        N/A       1%          3
 Inner Flame              Hex/Fire       35%        N/A       1%          3
 Lesser Beckoning         Tloc           30%        N/A       1%          3
 Summon Guardian Golem    Hex/Summ       35%        N/A       1%          3
 Teleport Other           Tloc           60%        N/A       1%          3
 Tukima's Dance           Hex            60%        N/A       1%          3
 Fulminant Prism          Conj/Hex       17%        3d11      3%          4
 Iskenderun's Mystic Bla  Conj/Tloc      35%        2d8       3%          4
 Leda's Liquefaction      Hex/Erth       17%        N/A       3%          4
 Silence                  Hex/Air        17%        N/A       9%          5
 Summon Forest            Summ/Tloc      17%        N/A       9%          5
 Summon Mana Viper        Hex/Summ       35%        N/A       9%          5
 Yara's Violent Unravell  Hex/Tmut       17%        3d8       9%          5
 Call Canine Familiar     Summ           6%         N/A       16%         3
 Conjure Flame            Conj/Fire      6%         6-21      16%         3
 Frozen Ramparts          Ice            12%        1d3       16%         3
 Mephitic Cloud           Conj/Pois/Air  6%         N/A       16%         3
 Ozocubu's Armour         Ice            6%         N/A       16%         3
 Spider Form              Tmut/Pois      3%         N/A       16%         3
 Stone Arrow              Conj/Erth      12%        3d7       16%         3
 Swiftness                Air            6%         N/A       16%         3
 Vampiric Draining        Necr           3%         2d6       16%         3
 Airstrike                Air            3%         N/A       45%         4
 Animate Armour           Summ/Erth      12%        N/A       45%         4
 Dispel Undead            Necr           6%         3d8       45%         4
 Hailstorm                Conj/Ice       6%         3d4       45%         4
 Ice Form                 Ice/Tmut       6%         N/A       45%         4
 Olgreb's Toxic Radiance  Pois           6%         N/A       45%         4
 Sticky Flame             Conj/Fire      6%         2d3       45%         4
 Summon Ice Beast         Ice/Summ       6%         N/A       45%         4
 Summon Lightning Spire   Summ/Air       6%         N/A       45%         4
 Discord                  Hex            30%        N/A       71%         8
 Disjunction              Tloc           30%        N/A       71%         8
 Agony                    Necr           6%         N/A       80%         5
 Alistair's Intoxication  Tmut/Pois      4%         N/A       80%         5
 Bolt of Magma            Conj/Fire/Erth 3%         4d5       80%         5
 Borgnjor's Vile Clutch   Necr/Erth      3%         N/A       80%         5
 Fireball                 Conj/Fire      3%         3d4       80%         5
 Freezing Cloud           Conj/Ice/Air   3%         6-21      80%         5
 Iskenderun's Battlesphe  Conj           6%         2d6       80%         5
 Conjure Ball Lightning   Conj/Air       3%         3x3d6     100%        6
 Death Channel            Necr           3%         N/A       100%        6
 Eringya's Noxious Bog    Tmut/Pois      3%         N/A       100%        6
 Iron Shot                Conj/Erth      3%         9d2       100%        6
 Shadow Creatures         Summ           N/A        N/A       100%        6
 Simulacrum               Ice/Necr       3%         N/A       100%        6
 Starburst                Conj/Fire      3%         6d3       100%        6
 Statue Form              Tmut/Erth      4%         N/A       100%        6
 Dragon Form              Tmut           3%         N/A       100%        7
 Monstrous Menagerie      Summ           3%         N/A       100%        7
 Orb of Destruction       Conj           3%         9d1       100%        7
 Ozocubu's Refrigeration  Ice            3%         4d5       100%        7
 Spellforged Servitor     Conj/Summ      3%         N/A       100%        7
 Storm Form               Tmut/Air       3%         N/A       100%        7
 Summon Hydra             Summ           3%         N/A       100%        7
 Borgnjor's Revivificati  Necr           3%         N/A       100%        8
 Ignition                 Fire           3%         3d4       100%        8
 Lehudib's Crystal Spear  Conj/Erth      3%         10d2      100%        8
 Necromutation            Tmut/Necr      3%         N/A       100%        8
 Dragon's Call            Summ           3%         N/A       100%        9
 Fire Storm               Conj/Fire      3%         8d1       100%        9
 Polar Vortex             Ice            3%         N/A       100%        9


Dungeon Overview and Level Annotations

Branches:
Dungeon (15/15)            Temple (1/1) D:4            Lair (6/6) D:10
  Swamp (4/4) Lair:4        Snake (4/4) Lair:4        Slime (5/5) Lair:5
    Orc (2/2) D:11            Elf (3/3) Orc:2        Vaults (5/5) D:13
  Crypt (3/3) Vaults:3       Tomb (0/3) Crypt:3      Depths (5/5) D:15
    Zot (5/5) Depths:5    Ossuary (visited)           IceCv (visited)
 WizLab (visited)

Altars:
Ashenzari
Cheibriados
Dithmenos
Elyvilon
Fedhas
Gozag
Hepliaklqana
Kikubaaqudgha
Makhleb
Nemelex Xobeh
Okawaru
Qazlal
Ru
Trog
Uskayaw
Vehumet
Wu Jian
Xom
Yredelemnul
Zin
The Shining One
Jiyva

Shops:
D:2 (((=   D:3 (   D:4 [   D:5 (   D:10 :   D:12 *:[   Orc:2 ((?=*(![
Vaults:2 ?   Vaults:3 !   Depths:1 ?   Depths:4 [

Portals:
Hell: Depths:1 Depths:2 Depths:3 Depths:4
Abyss: Depths:1 Depths:4
Pandemonium: Orc:2 Depths:1 Depths:3 Depths:5
Ziggurat: Depths:1

Annotations:
Snake:4 Roxanne
Zot:2 2 transporters, ShutUppercut's ghost, legendary DsGl


Innate Abilities, Weirdness & Mutations

You are too large for most types of armour.
You have claws for hands.
Your natural rate of healing is unusually fast.
You are covered in fur. (AC +1)
You have tough skin. (AC +1)
You have a beak for a mouth.
You tend to lose your temper in combat.
You are clumsy. (Dex -2)
Armour fits poorly on your strangely shaped body.
You are somewhat resistant to further mutation.
Your muscles are strong. (Str +2)


Message History

Confirm with . or Enter, or press ? or * to list all spells.
Space momentarily warps into an impossible shape!
You eviscerate the cacodemon!!! You eviscerate the sixfirhy!!!
You kill the sixfirhy!
Okawaru accepts your kill.
You barely miss the orange demon.
You hear an angry hiss.
Casting: Manifold Assault (mildly dangerous; 1% risk of failure)
Confirm with . or Enter, or press ? or * to list all spells.
Space momentarily warps into an impossible shape!
You closely miss the orange demon. You mangle the cacodemon!!
You closely miss the blizzard demon.
Press: ? - help, v - describe, . - travel
Here: a blizzard demon (heavily wounded)
The floor.
Throw: 31 javelins
Press: ? - help, Q - select action, (/) - cycle Shift-Dir - straight line, f - cacodemon
Aim: a cacodemon (almost dead, 76% to hit)
You throw a javelin.
The javelin pierces through the cacodemon!!!
You kill the cacodemon!
Okawaru accepts your kill.
Your base Fighting skill increases to level 19!
You barely miss the blizzard demon. Your peck misses the blizzard demon.
The blizzard demon is heavily wounded.
The blizzard demon gestures at you.
The bolt of cold hits you but does no damage.
You eviscerate the blizzard demon!!!!
You kill the blizzard demon!
Okawaru accepts your kill.
There is a huge open gate here.
You block the ball python's attack. The ball python bites you.
You eviscerate the ball python!!!!
You kill the ball python!
There is an open gate here.
The orc shouts!
A ynoxinul, a pandemonium lord and a lich come into view.
There is a staircase leading out of the dungeon here.
The lich shouts!
The ynoxinul bellows!
You have escaped!

##.####..##...........##.........
...###...##...........##....###.#
........#######'''#######...# #.#
........#o#........&..#g#...###.#
........###..8.###.8..###........
........#≈........3....≈#...#####
.....#..#≈.......L.....≈#.......>
.....#..#≈≈...........§≈#...##.#.
........#≈§≈§...4...≈≈§§#......#.
........#≈§≈§§≈§.≈≈≈≈≈§§#...##.##
........#≈§≈§§§§@≈≈≈≈≈§§#...##.##
........#################........
..###.......................##.##
#................................
...............................##
........#########+#######......##
........# #.................
........# #....#####.#.##.##
........# #....# #.#.##.##
........# #....# #.#.#...)
........# #....# #.#....##


You could see Riz Fuera, a lich, an orange demon, a ynoxinul, an orc and a
goblin.

Vanquished Creatures
  the Royal Jelly (Slime:5)
  A dread lich (Zot:5)
  An ancient lich (Vaults:5)
  3 orbs of fire (Zot:5)
  Sojobo (Depths:4)
  Margery (Vaults:5)
  7 Killer Klowns (Zot:5)
  Frederick (Vaults:5)
  A curse toe (Zot:3)
  Xtahua (Vaults:5)
  Bai Suzhen (Vaults:3)
  Saint Roka (Snake:3)
  A caustic shrike (Depths:3)
  11 golden dragons
  2 profane servitors (Crypt:3)
  4 electric golems
  2 hellephants (Depths:4)
  21 tentacled monstrosities
  A deep elf master archer (Elf:3)
  9 liches
  A deep elf blademaster (Elf:3)
  28 Orb Guardians
  12 quicksilver dragons
  3 titans
  12 ancient champions
  25 acid blobs
  8 sphinxes
  12 tengu reavers
  Kirke (Snake:4)
  5 death cobs
  13 shadow dragons
  13 storm dragons
  9 draconian monks
  21 rockslimes
  10 azure jellies
  2 fenstrider witches
  3 revenants
  14 fire giants
  4 draconian knights
  9 draconian scorchers
  12 frost giants
  6 nagarajas (Snake:4)
  Aizul (Snake:2)
  10 deep elf sorcerers
  3 iron dragons
  7 draconian shifters
  A balrug (Depths:4)
  21 vault wardens
  3 ghost moths (Zot:5)
  3 curse skulls
  6 draconian stormcallers
  2 angels
  A cacodemon (D:1)
  11 quicksilver oozes
  7 deep elf elementalists
  39 very ugly things
  21 ironbound preservers
  4 spriggan defenders (Depths:4)
  4 ghouls
  2 war gargoyles
  5 draconian annihilators (Depths:5)
  18 stone giants
  A reaper (Crypt:3)
  2 vampire knights
  7 deep elf demonologists
  12 purple draconians
  A lorocyproca (Depths:3)
  17 green draconians
  7 deep elf annihilators
  21 black draconians
  11 white draconians
  18 red draconians
  A bunyip (Swamp:1)
  2 dire elephants (Vaults:3)
  3 entropy weavers
  6 spark wasps
  2 merfolk javelineers (Depths:3)
  2 eidola
  10 yellow draconians
  5 eleionomae
  3 crystal guardians
  9 deep elf death magi
  A blizzard demon (D:1)
  8 fire dragons
  A green death (Depths:5)
  10 jiangshi
  6 deep elf high priests
  17 great orbs of eyes
  10 ettins
  3 mummy priests (Crypt:3)
  A shambling mangrove (Swamp:3)
  12 yaktaur captains
  10 naga warriors
  14 ice dragons
  Harold (D:11)
  5 ironbound thunderhulks
  36 vault guards
  2 catoblepae
  3 salamander tyrants
  4 ogre magi
  3 peacekeepers
  5 spriggan air magi
  5 ghost crabs
  20 hydras
  A caustic shrike simulacrum (IceCv)
  13 centaur warriors
  A monstrous demonspawn (Depths:5)
  9 rakshasas
  6 ironbound frosthearts
  8 anacondas
  3 boulder beetles
  A death knight (Crypt:2)
  The ghost of YungCoward the Fighter, a novice HOFi of Beogh (D:7)
  9 death yaks
  A two-headed ogre (D:11)
  4 alligators
  9 tengu warriors
  10 deep troll earth magi
  27 dancing weapons
  7 spriggan berserkers
  9 hell hogs (Depths:4)
  8 vampire magi
  7 orc high priests (Orc:2)
  5 naga sharpshooters
  9 deep troll shamans
  6 shock serpents
  A titan zombie (Vaults:4)
  4 ironbound beastmasters
  6 iron golems (WizLab)
  22 hell knights
  19 deep elf knights
  3 iron trolls
  3 soul eaters
  A sun demon (Depths:4)
  2 fire crabs
  A salamander mystic (Snake:2)
  A shadow wraith (Crypt:3)
  2 sixfirhies
  A golden dragon zombie (Crypt:1)
  An iron troll (shapeshifter) (Vaults:4)
  3 anaconda zombies (Snake:3)
  25 skeletal warriors
  A sea snake (shapeshifter) (Vaults:5)
  8 spriggan druids
  4 naga ritualists
  A torturous demonspawn (Orc:2)
  5 flayed ghosts
  A glowing orange brain (shapeshifter) (Depths:4)
  A death drake (Depths:5)
  44 deep trolls
  6 spectral anacondas (Snake:3)
  10 bog bodies
  A bunyip zombie (Crypt:2)
  A shadow demon (D:15)
  6 goliath frogs
  12 glowing orange brains
  10 swamp dragons
  3 gelid demonspawn
  An infernal demonspawn (Orc:2)
  An orange crystal statue (IceCv)
  A tengu zombie (Vaults:4)
  14 ironbound convokers
  9 wizards
  An anaconda skeleton (Snake:3)
  2 shadow dragon zombies (Crypt:3)
  An entropy weaver zombie (Vaults:1)
  6 phantasmal warriors
  An iron dragon zombie (Depths:2)
  16 deep elf archers
  32 deep elf pyromancers
  A golden dragon skeleton (Crypt:2)
  10 lindwurms
  15 necromancers
  7 orc knights
  4 oklob plants (Lair:4)
  A goliath frog zombie (Crypt:3)
  3 harpies (Vaults:2)
  7 orc sorcerers
  2 wolf spiders (Lair:6)
  8 mana vipers
  54 ugly things
  28 deep elf zephyrmancers
  A tengu skeleton (Depths:2)
  9 shining eyes
  2 manticores
  A frost giant zombie (Depths:2)
  4 elephants (Lair:5)
  7 salamanders
  A fire giant zombie (Vaults:4)
  3 cyclopes
  24 moths of wrath
  A toenail golem (WizLab)
  A stone giant zombie (Vaults:1)
  34 black mambas
  2 will-o-the-wisps (Swamp:2)
  5 guardian serpents
  3 eyes of devastation
  Maurice (D:12)
  3 rust devils
  16 naga magi
  3 smoke demons
  19 vault sentinels
  2 molten gargoyles
  Joseph (D:10)
  A storm dragon simulacrum (Crypt:2)
  An eye of devastation (shapeshifter) (Vaults:5)
  5 gargoyles
  An unseen horror (D:12)
  4 orange demons
  A death yak zombie (Crypt:2)
  16 cane toads
  5 torpor snails (Lair:6)
  4 kobold demonologists
  A redback zombie (Crypt:3)
  3 rime drakes
  5 freezing wraiths
  A demonic crawler (Depths:4)
  A minotaur skeleton (Crypt:2)
  17 komodo dragons
  21 yaktaurs
  A pale draconian skeleton (Crypt:3)
  3 entropy weaver simulacra (Snake:1)
  3 efreet
  A yaktaur skeleton (Vaults:4)
  An iron troll skeleton (Crypt:3)
  7 tengu conjurers
  2 red devils
  A troll (shapeshifter) (Elf:2)
  A grey draconian skeleton (Crypt:1)
  2 hellwings
  A harpy zombie (Crypt:1)
  7 anaconda simulacra
  A death yak skeleton (Crypt:3)
  A queen bee (Lair:1)
  A red draconian skeleton (Crypt:1)
  A hydra zombie (Crypt:2)
  9 tyrant leeches
  109 slime creatures
  10 guardian mummies (Crypt:3)
  A jumping spider (Vaults:4)
  2 trolls
  3 polar bears
  28 hornets
  2 bloated husks
  7 blink frogs (Lair:6)
  An ettin zombie (Crypt:2)
  A deep troll zombie (Depths:1)
  6 dream sheep (Lair:6)
  A boulder beetle zombie (Crypt:1)
  A stone giant simulacrum (Depths:1)
  9 air elementals
  3 redbacks
  19 spriggans
  47 yaks
  12 wyverns
  6 water elementals
  7 wraiths
  3 ushabtiu (Crypt:3)
  Sigmund (D:3)
  A vampire (D:13)
  A ynoxinul (Orc:2)
  5 fire elementals
  2 dire elephant simulacra
  3 fire bats (Depths:1)
  10 basilisks
  A hog (shapeshifter) (Depths:3)
  A spriggan simulacrum (Depths:1)
  Grum (D:7)
  10 golden eyes
  3 vampire mosquitoes (D:14)
  4 chaos spawn
  A neqoxec (Depths:5)
  2 wargs (Orc:2)
  A minotaur simulacrum (Snake:1)
  42 nagas
  A harpy simulacrum (IceCv)
  3 acid dragons (D:10)
  17 swamp worms
  A faun skeleton (Crypt:1)
  2 torturous demonspawn skeletons
  25 water moccasins
  3 floating eyes
  8 swamp drakes
  A monstrous demonspawn skeleton (Crypt:3)
  Duvessa (D:4)
  7 ice beasts
  43 orc warriors
  5 necrophages
  An ice beast (shapeshifter) (Vaults:4)
  4 black bears
  2 sky beasts (D:5)
  2 alligator simulacra
  9 ogres
  33 wolves
  A fire dragon simulacrum (Depths:1)
  4 boggarts
  2 human skeletons
  12 centaurs
  A rime drake zombie (Crypt:3)
  A phantom (D:6)
  A torpor snail zombie (Crypt:3)
  21 kobold brigands
  A glowing shapeshifter simulacrum (Vaults:1)
  5 gnoll sergeants (D:7)
  A palentonga skeleton (Crypt:1)
  14 bullfrogs
  6 earth elementals
  2 scorpions
  A cyclops skeleton (Crypt:2)
  Dowan (D:4)
  4 lindwurm simulacra
  39 killer bees
  12 howler monkeys
  13 wights
  4 electric eels
  3 human zombies
  2 lava snakes (Vaults:1)
  4 centaur zombies
  A bullfrog zombie (D:6)
  2 hounds
  3 jellies
  26 orc priests
  An iron imp (D:10)
  3 gnoll shamans (D:7)
  36 orc wizards
  A scorpion zombie (D:5)
  3 iguanas
  An acid dragon zombie (Crypt:3)
  3 centaur simulacra
  2 deep dwarf skeletons
  5 mummies
  2 howler monkey zombies
  30 gnolls
  4 adders
  2 shadow imps
  6 white imps
  An ufetubus (D:6)
  A halfling skeleton (Crypt:2)
  A worm (D:2)
  A dart slug (D:1)
  87 orcs
  7 ball pythons
  5 bats
  8 endoplasms
  5 giant cockroaches
  10 goblins
  8 hobgoblins
  33 kobolds
  A quokka (D:1)
  3 frilled lizards
  3 gnoll zombies
  2 hobgoblin zombies (Ossuary)
  A kobold zombie (Ossuary)
  An orc zombie (Crypt:1)
  5 rats
  A river rat skeleton (Crypt:3)
2646 creatures vanquished.

Vanquished Creatures (collateral kills)
  A Killer Klown (Zot:5)
  A tentacled monstrosity (Zot:5)
  A draconian scorcher (Zot:5)
  A black draconian (Depths:5)
  A purple draconian (Zot:5)
  5 ugly things
  2 salamanders (Snake:2)
  A moth of wrath (Zot:5)
13 creatures vanquished.

Vanquished Creatures (others)
  An Orb Guardian (Zot:5)
  A tengu reaver (Depths:4)
  A frost giant (Depths:1)
  A fire giant (Vaults:5)
  A very ugly thing (Depths:2)
  A spark wasp (Depths:3)
  A bunyip (Swamp:3)
  A red draconian (Zot:5)
  A yellow draconian (Zot:5)
  An anaconda (Snake:2)
  An ogre mage (Vaults:5)
  A centaur warrior (D:15)
  A deep elf knight (Elf:2)
  A spriggan druid (Swamp:3)
  A deep elf pyromancer (Elf:1)
  A deep elf zephyrmancer (Elf:2)
  A will-o-the-wisp (Swamp:1)
  A black mamba (Snake:4)
  A molten gargoyle (Vaults:1)
  3 bloated husks
  2 yaks (Lair:5)
  3 humans (Snake:4)
  An orc (Snake:3)
  16 bushes (Lair:6)
  8 foxfires
  44 fungi
  138 plants
234 creatures vanquished.

Grand Total: 2893 creatures vanquished

Notes
Turn   | Place    | Note
-------+----------+-------------------------------------------
     0 | D:1      | grimtooth the Troll Arcane Marksman began the quest for the
                  | Orb.
     0 | D:1      | Reached XP level 1. HP: 18/18 MP: 1/1
   107 | D:1      | Reached skill level 1 in Unarmed Combat
   234 | D:1      | Reached XP level 2. HP: 26/26 MP: 2/2
   518 | D:1      | Reached skill level 2 in Unarmed Combat
   834 | D:2      | Reached XP level 3. HP: 32/32 MP: 3/3
   839 | D:2      | Found Itunkolo's Antique Weapon Shoppe.
   866 | D:2      | Found Uttas's Weapon Boutique.
   892 | D:2      | - hmmm
   928 | D:2      | Found Ofuy's Antique Weapon Shop.
   948 | D:2      | Found a faded altar of an unknown god.
  1391 | D:2      | Found Voulacen's Jewellery Shop.
  1593 | D:3      | Reached skill level 3 in Unarmed Combat
  1593 | D:3      | Reached XP level 4. HP: 24/40 MP: 4/4
  1956 | D:3      | Found Roppeagg's Antique Weapon Shoppe.
  1967 | D:3      | Noticed Sigmund
  2285 | D:4      | Reached XP level 5. HP: 46/46 MP: 5/5
  2359 | D:4      | Reached skill level 4 in Unarmed Combat
  2489 | D:4      | Noticed Duvessa
  2489 | D:4      | Noticed Dowan
  2514 | D:5      | Entered Level 5 of the Dungeon
  2514 | D:5      | Noticed a sky beast
  2531 | D:5      | Killed a sky beast
  2546 | D:5      | Reached skill level 5 in Unarmed Combat
  2546 | D:5      | Reached XP level 6. HP: 54/54 MP: 3/6
  2619 | D:5      | Found a sand-covered staircase.
  2628 | Ossuary  | Entered an ossuary
  2948 | D:4      | Reached skill level 6 in Unarmed Combat
  2948 | D:4      | Reached XP level 7. HP: 50/61 MP: 7/7
  3049 | D:3      | Learned a level 2 spell: Slow
  3204 | D:3      | Killed Sigmund
  3428 | D:3      | Found a white marble altar of Elyvilon.
  3461 | D:3      | Found a sacrificial altar of Ru.
  3691 | D:4      | Killed Dowan
  3729 | D:4      | - dammit
  3740 | D:4      | Killed Duvessa
  3741 | D:4      | Reached skill level 7 in Unarmed Combat
  3743 | D:4      | - lucky
  3921 | D:4      | Found Iroizxag's Antique Armour Boutique.
  4072 | D:4      | Reached skill level 5 in Throwing
  4072 | D:4      | Reached XP level 8. HP: 60/68 MP: 8/8
  4082 | D:4      | Found a staircase to the Ecumenical Temple.
  4086 | Temple   | Entered the Ecumenical Temple
  4124 | Temple   | Became a worshipper of Warmaster Okawaru
  4650 | D:5      | Found a bloodstained altar of Trog.
  4686 | D:5      | Reached skill level 8 in Unarmed Combat
  4831 | D:5      | Found Huqovifu's Antique Weapon Emporium.
  4839 | D:5      | - all these flippin weapon shops
  5148 | D:6      | Reached * piety under Okawaru
  5287 | D:6      | Reached skill level 9 in Unarmed Combat
  5383 | D:6      | Reached skill level 1 in Invocations
  5836 | D:7      | Reached XP level 9. HP: 41/75 MP: 2/9
  5946 | D:7      | Found the +2 hat of the Bear Spirit {Spirit, +Rage rN+
                  | Will++}
  5956 | D:7      | Found a transporter.
  5991 | D:7      | Found a transporter.
  5998 | D:7      | Identified the +1 buckler of Inviolability {rCorr Dex+6}
  6009 | D:7      | Noticed Grum
  6019 | D:7      | Identified the +0 tower shield of Duty {Harm rF+ Regen+}
  6019 | D:7      | Identified the ring "Faeh" {Str+9 Slay+4}
  6040 | D:7      | Found a hazy altar of Hepliaklqana.
  6045 | D:7      | Found a shadowy altar of Dithmenos.
  6418 | D:7      | Found an opulent altar of Gozag.
  6447 | D:7      | Noticed YungCoward's ghost (novice HOFi)
  6581 | D:7      | Reached ** piety under Okawaru
  7265 | D:7      | Reached skill level 5 in Invocations
  7467 | D:7      | Reached *** piety under Okawaru
  7542 | D:8      | Reached skill level 5 in Hexes
  7588 | D:8      | Found a shimmering altar of Xom.
  7611 | D:8      | Reached XP level 10. HP: 64/83 MP: 6/13
  7670 | D:8      | Found a burning altar of Makhleb.
  7725 | D:8      | Learned a level 3 spell: Portal Projectile
  7771 | D:8      | Received a gift from Okawaru
  8199 | D:8      | Found a broken altar of Ashenzari.
  8367 | D:9      | Noticed a rust devil
  8414 | D:9      | Reached **** piety under Okawaru
  8693 | D:9      | Reached skill level 1 in Fighting
  8693 | D:9      | Reached skill level 1 in Translocations
  8729 | D:9      | Reached ***** piety under Okawaru
  8897 | D:9      | Reached XP level 11. HP: 96/96 MP: 13/16
  8931 | D:9      | Received a gift from Okawaru
  8974 | D:9      | Reached skill level 5 in Translocations
  8974 | D:9      | Reached XP level 12. HP: 100/114 MP: 12/17
  8987 | D:9      | Found an ornate altar of the Wu Jian Council.
  9408 | D:10     | Entered Level 10 of the Dungeon
  9408 | D:10     | Noticed Joseph
  9687 | D:10     | Found a snail-covered altar of Cheibriados.
  9793 | D:10     | Killed Joseph
  9793 | D:10     | Received a gift from Okawaru
 10042 | D:10     | Reached skill level 10 in Unarmed Combat
 10226 | D:10     | Received a gift from Okawaru
 10238 | D:10     | Identified the ring "Toel" {rPois rC- rCorr Dex+6}
 10450 | D:10     | Found Ugholed's Self-Improvement Boutique.
 10576 | D:10     | Found a staircase to the Lair.
 10941 | D:11     | Reached skill level 11 in Unarmed Combat
 11004 | D:11     | Noticed a two-headed ogre
 11011 | D:11     | Killed a two-headed ogre
 11149 | D:11     | Noticed a centaur warrior
 11153 | D:11     | Noticed Harold
 11158 | D:11     | Killed a centaur warrior
 11175 | D:11     | Killed Harold
 11255 | D:11     | Reached skill level 12 in Unarmed Combat
 11273 | D:11     | Reached skill level 1 in Shields
 11660 | D:11     | Found a staircase to the Orcish Mines.
 11869 | Lair:1   | Entered Level 1 of the Lair of Beasts
 12070 | D:2      | Bought a ring of poison resistance for 240 gold pieces
 12139 | D:4      | Bought an opalescent robe for 136 gold pieces
 12139 | D:4      | Identified the +1 robe of Ru's Supremacy {rN+ Int+2} (You
                  | bought it in a shop on level 4 of the Dungeon)
 12299 | D:10     | - you had poison dumbass
 12309 | D:10     | Learned a level 1 spell: Apportation
 12313 | D:10     | Learned a level 3 spell: Gell's Gravitas
 12318 | D:10     | Learned a level 4 spell: Cause Fear
 12447 | D:10     | Received a gift from Okawaru
 12650 | Lair:1   | Found a sacrificial altar of Ru.
 12710 | Lair:1   | Received a gift from Okawaru
 12715 | Lair:1   | Reached XP level 13. HP: 120/120 MP: 12/18
 12982 | Lair:1   | Received a gift from Okawaru
 13287 | Lair:1   | - this is one wacky lair intro
 13287 | Lair:1   | - vault?
 13519 | Lair:2   | Reached skill level 5 in Shields
 14730 | Lair:3   | Received a gift from Okawaru
 15112 | Lair:4   | Reached ****** piety under Okawaru
 15123 | Lair:4   | Received a gift from Okawaru
 15487 | Lair:4   | Found a staircase to the Swamp.
 15577 | Lair:4   | Identified 3 scrolls of acquirement
 15713 | Lair:4   | Found a staircase to the Snake Pit.
 15939 | Lair:4   | Received a gift from Okawaru
 15972 | Lair:4   | Reached XP level 14. HP: 128/130 MP: 19/19
 15993 | Lair:4   | Identified the ring "Guhuxarph" {Fly rC+ Str+4 Stlth+}
 16187 | Lair:4   | Reached skill level 13 in Unarmed Combat
 16433 | Lair:5   | Received a gift from Okawaru
 16934 | Lair:5   | Found a staircase to the Slime Pits.
 17252 | Lair:6   | Entered Level 6 of the Lair of Beasts
 17267 | Lair:5   | Received a gift from Okawaru
 17711 | Lair:6   | Reached skill level 14 in Unarmed Combat
 18025 | Lair:6   | Found a runed translucent door.
 18969 | Lair:6   | Identified the +0 cloak "Wushruvipp" {+Blink rC- Str+2}
                  | (Okawaru gifted it to you on level 6 of the Lair of Beasts)
 18969 | Lair:6   | Received a gift from Okawaru
 19146 | Lair:6   | Reached skill level 15 in Unarmed Combat
 19182 | Lair:6   | Reached XP level 15. HP: 134/137 MP: 9/20
 19990 | Orc:1    | Entered Level 1 of the Orcish Mines
 20281 | Orc:2    | Entered Level 2 of the Orcish Mines
 20287 | Orc:2    | Found a staircase to the Elven Halls.
 20422 | Orc:2    | Found Jixt's Antique Armour Shop.
 21185 | Orc:2    | Found Cilli's Weapon Emporium.
 21198 | Orc:2    | Found Bubbinao's Antique Weapon Shop.
 21263 | Orc:2    | Found Uppuimal's Magic Scroll Boutique.
 21438 | Orc:2    | Found Lyonemp's General Store.
 21464 | Orc:2    | Found Ufroizigg's Distillery.
 21844 | Orc:2    | - more fun weapons
 22131 | Orc:2    | Received a gift from Okawaru
 22507 | Orc:2    | Found Jasio's Antique Weapon Shoppe.
 22507 | Orc:2    | Found Tuwnuoph's Jewellery Emporium.
 22508 | Orc:2    | Found a one-way gate leading to the halls of Pandemonium.
 22692 | Orc:2    | Acquired an Inescapable Atlas
 22697 | Orc:2    | Learned a level 2 spell: Blink
 22697 | Orc:2    | Acquired 1103 gold pieces
 22699 | Orc:2    | Acquired a +2 kite shield of protection
 22718 | Orc:2    | Bought a scroll of fog for 28 gold pieces
 22718 | Orc:2    | Bought a scroll of blinking for 105 gold pieces
 22718 | Orc:2    | Bought a scroll of enchant armour for 105 gold pieces
 22741 | Orc:2    | Bought a potion of invisibility for 104 gold pieces
 22741 | Orc:2    | Bought a potion of heal wounds for 65 gold pieces
 22741 | Orc:2    | Bought a potion of haste for 130 gold pieces
 22741 | Orc:2    | Bought a potion of heal wounds for 65 gold pieces
 22741 | Orc:2    | Bought a potion of haste for 130 gold pieces
 22741 | Orc:2    | Bought a potion of invisibility for 104 gold pieces
 22743 | Orc:2    | Bought 7 curare-tipped darts for 71 gold pieces
 22772 | Orc:2    | Bought the ring of Okawaru's Esteem {rElec rF+ rN+ Str+4
                  | Dex-4} for 410 gold pieces
 23011 | D:7      | Received a gift from Okawaru
 23026 | D:7      | Killed Grum
 23038 | D:7      | Killed YungCoward's ghost
 23346 | Swamp:1  | Entered Level 1 of the Swamp
 23657 | Swamp:1  | Reached skill level 1 in Evocations
 24062 | Swamp:1  | Noticed a fenstrider witch
 24068 | Swamp:1  | Killed a fenstrider witch
 24615 | Swamp:2  | Received a gift from Okawaru
 24688 | Swamp:2  | Reached XP level 16. HP: 53/156 MP: 0/21
 24986 | Swamp:2  | Identified the +1 quarterstaff of Karma {venom, rN+}
 25270 | Swamp:3  | Received a gift from Okawaru
 25413 | Swamp:3  | Received a gift from Okawaru
 25484 | Swamp:3  | Reached skill level 5 in Evocations
 25576 | Swamp:3  | Received a gift from Okawaru
 25866 | Swamp:4  | Entered Level 4 of the Swamp
 25925 | Swamp:4  | Received a gift from Okawaru
 26055 | Swamp:4  | Reached skill level 1 in Armour
 26826 | Swamp:4  | Got a decaying rune of Zot
 26906 | Swamp:4  | Identified the +0 robe "Zanea" {rN+}
 26931 | Swamp:4  | Identified the +2 whip of Chance {vorpal, Fly rCorr Str-4
                  | Stlth+}
 27058 | Swamp:1  | Identified the +6 flail "Lacvif" {elec, Str+6 Dex+2}
 27206 | Snake:1  | Entered Level 1 of the Snake Pit
 27473 | Snake:1  | Reached skill level 5 in Armour
 27514 | Snake:1  | Found a frozen archway.
 27573 | IceCv    | Entered an ice cave
 27578 | IceCv    | - I keep getting these simulacra ones
 27586 | IceCv    | Found a transporter.
 27606 | IceCv    | Received a gift from Okawaru
 27626 | IceCv    | Found a transporter.
 27695 | IceCv    | Reached XP level 17. HP: 63/162 MP: 0/22
 28133 | Snake:1  | Identified the +2 robe of the Pure Interlopers {rPois
                  | Will++ Str-5 Dex+4}
 28353 | Snake:2  | Identified the +1 troll leather armour "Jituibah" {Will-
                  | Regen+ Str+4 Dex+8 Stlth+} (Okawaru gifted it to you on
                  | level 2 of the Snake Pit)
 28353 | Snake:2  | Received a gift from Okawaru
 28354 | Snake:2  | Reached skill level 10 in Evocations
 28642 | Snake:2  | Noticed Aizul
 28659 | Snake:2  | Killed Aizul
 29240 | Snake:3  | Noticed Saint Roka
 29254 | Snake:3  | Killed Saint Roka
 30471 | Snake:4  | Entered Level 4 of the Snake Pit
 30579 | Snake:4  | Received a gift from Okawaru
 30877 | Snake:4  | Noticed Kirke
 30901 | Snake:4  | Killed Kirke
 31144 | Snake:4  | Identified Roxanne's Handbook of Shape Shifting
 31144 | Snake:4  | Noticed Roxanne
 31584 | Snake:4  | Reached XP level 18. HP: 156/171 MP: 20/23
 31994 | Snake:4  | Got a serpentine rune of Zot
 32404 | D:12     | Found Edaxiz's Armour Shoppe.
 32535 | D:12     | Reached skill level 5 in Dodging
 32624 | D:12     | Found a portal to a secret trove of treasure.
 32663 | D:12     | Found Yprihorgh's Book Shop.
 32708 | D:12     | Found Junto's Assorted Antiques.
 32747 | D:12     | Noticed Maurice
 32758 | D:12     | Killed Maurice
 33487 | D:13     | Received a gift from Okawaru
 33498 | D:13     | Found a gate to the Vaults.
 34122 | D:14     | Identified the +1 falchion of Iblup {flame, rF- Int+3
                  | Stlth+} (Okawaru gifted it to you on level 14 of the
                  | Dungeon)
 34122 | D:14     | Received a gift from Okawaru
 34237 | D:15     | Entered Level 15 of the Dungeon
 34734 | D:15     | Found a staircase to the Depths.
 34799 | D:15     | Found an ornate altar of the Wu Jian Council.
 35509 | D:13     | Learned a level 5 spell: Manifold Assault
 35511 | Vaults:1 | Entered Level 1 of the Vaults
 35799 | Vaults:1 | Got Titza Fom's Tome of Ignition
 35880 | Vaults:1 | Got Duoheq's Volume of Scorching Toxins
 35880 | Vaults:1 | Got Pechauv's Disquisition on Hexes
 35938 | Vaults:1 | Received a gift from Okawaru
 36369 | Vaults:1 | Reached skill level 5 in Spellcasting
 36832 | Vaults:1 | Reached skill level 16 in Unarmed Combat
 37148 | Vaults:2 | Reached XP level 19. HP: 144/179 MP: 15/26
 37427 | Vaults:2 | Received a gift from Okawaru
 37679 | Vaults:2 | Received a gift from Okawaru
 37720 | Vaults:2 | Received a gift from Okawaru
 37724 | Vaults:2 | Reached skill level 17 in Unarmed Combat
 37945 | Vaults:2 | Received a gift from Okawaru
 38180 | Vaults:2 | Got the Volume of the Freezing Birds
 38216 | Vaults:2 | Found Esoow's Magic Scroll Boutique.
 38303 | Vaults:2 | Received a gift from Okawaru
 38492 | Vaults:3 | Found a staircase to the Crypt.
 38506 | Vaults:3 | Reached skill level 10 in Translocations
 38571 | Vaults:3 | Found Seseyq's Distillery.
 38727 | Vaults:3 | Received a gift from Okawaru
 39121 | Vaults:3 | Received a gift from Okawaru
 39419 | Vaults:3 | Reached skill level 18 in Unarmed Combat
 39629 | Vaults:3 | Bought 2 potions of heal wounds for 200 gold pieces
 39629 | Vaults:3 | Bought a potion of haste for 200 gold pieces
 39629 | Vaults:3 | Bought a potion of might for 80 gold pieces
 39674 | Vaults:3 | Reached XP level 20. HP: 171/187 MP: 19/28
 39949 | Vaults:3 | Noticed Bai Suzhen
 39957 | Vaults:3 | Killed Bai Suzhen
 40343 | Vaults:4 | Received a gift from Okawaru
 40539 | Vaults:4 | Received a gift from Okawaru
 40830 | Vaults:4 | Found the +8 storm bow {elec, penet}
 40859 | Vaults:4 | Found the +8 autumn katana {vorpal, Clar}
 40879 | Vaults:4 | Reached skill level 10 in Throwing
 40898 | Vaults:4 | - katana plus storm, nice
 41116 | Vaults:4 | Reached skill level 10 in Fighting
 41955 | Depths:1 | Entered Level 1 of the Depths
 42066 | Depths:1 | Reached XP level 21. HP: 146/200 MP: 5/29
 42093 | Depths:1 | Identified the +0 swamp dragon scales of Duty {rPois Dex+5}
                  | (Okawaru gifted it to you on level 1 of the Depths)
 42093 | Depths:1 | Received a gift from Okawaru
 42364 | Depths:1 | Found a one-way gate to the infinite horrors of the Abyss.
 42607 | Depths:1 | Found a gateway to a ziggurat.
 42634 | Depths:1 | Identified the +5 falchion of Ru's Respect {drain, rF+ rC+
                  | Will++ Int-5}
 43009 | Depths:1 | Found a blossoming altar of Fedhas.
 43209 | Depths:1 | Found Giaqoes's Magic Scroll Boutique.
 43252 | Depths:1 | Received a gift from Okawaru
 43376 | Depths:1 | Found a gateway to Hell.
 43665 | Depths:1 | Found an iron altar of Okawaru.
 44265 | Depths:2 | Reached skill level 10 in Shields
 44332 | Depths:2 | Paralysed by a floating eye for 2 turns
 44520 | Depths:2 | Reached XP level 22. HP: 182/214 MP: 4/30
 44776 | Depths:2 | Reached skill level 10 in Armour
 44929 | Depths:1 | Received a gift from Okawaru
 45028 | Depths:2 | Found a shadowy altar of Dithmenos.
 45434 | Depths:3 | Received a gift from Okawaru
 46045 | Depths:3 | Noticed a golden dragon
 46052 | Depths:3 | Noticed a caustic shrike
 46053 | Depths:3 | Received a gift from Okawaru
 46059 | Depths:3 | Killed a golden dragon
 46061 | Depths:3 | Killed a caustic shrike
 46146 | Depths:3 | Received a gift from Okawaru
 47010 | Depths:3 | Found the ring of the Octopus King
 47011 | Depths:3 | Found the ring of the Mage {Wiz Will++ Int+3}
 47018 | Depths:3 | Identified the -3 cloak of the Dozen Underlurkers {rF-
                  | Regen+ Stlth+}
 47019 | Depths:3 | Identified the +1 robe of Pleasant Breezes {rN++ Regen+
                  | Str-3}
 47024 | Depths:3 | Identified the +9 arbalest of the Pyrrhic Victory {freeze,
                  | rElec rF++ Int+4 Dex-4}
 47026 | Depths:3 | Identified a ring of the Octopus King {rC+ AC+1 EV+1 Str+1
                  | Int+1 Dex+1}
 47083 | Depths:4 | Found a sparkling altar of Nemelex Xobeh.
 47191 | Depths:4 | Received a gift from Okawaru
 47277 | Depths:4 | Noticed Sojobo
 47311 | Depths:4 | Killed Sojobo
 47311 | Depths:4 | Received a gift from Okawaru
 47312 | Depths:4 | Reached XP level 23. HP: 201/224 MP: 23/31
 47437 | Depths:4 | Received a gift from Okawaru
 47446 | Depths:4 | Reached skill level 10 in Hexes
 47730 | Depths:4 | Found Sapnosueca's Antique Armour Boutique.
 48227 | Depths:4 | Identified the +10 shortbow "Lepupt" {speed, Fly}
 48335 | Depths:5 | Entered Level 5 of the Depths
 48747 | Depths:5 | Identified the ring of Vocveusi {Will+ MP+9 Str-5 Int+3}
 48866 | Depths:5 | Gained mutation: Your magical capacity is low. (-10% MP) [a
                  | neqoxec]
 48868 | Depths:5 | Gained mutation: Your spells are a little easier to cast,
                  | but a little less powerful. [a neqoxec]
 48874 | Depths:5 | - ugh pay attention
 49144 | Depths:5 | Received a gift from Okawaru
 49581 | Depths:5 | Found a hide-covered altar of Uskayaw.
 50699 | Depths:5 | Reached XP level 24. HP: 240/240 MP: 26/27
 50818 | Depths:5 | Found a gate to the Realm of Zot.
 51485 | D:12     | Bought a book of Misfortune for 442 gold pieces
 51489 | D:12     | Learned a level 3 spell: Confusing Touch
 51603 | Orc:2    | Bought a potion of curing for 39 gold pieces
 51605 | Orc:2    | Bought a potion of resistance for 170 gold pieces
 51605 | Orc:2    | Bought a potion of haste for 170 gold pieces
 51684 | Elf:1    | Entered Level 1 of the Elven Halls
 51702 | Elf:1    | Received a gift from Okawaru
 51765 | Elf:1    | Paralysed by an air elemental for 1 turns
 51848 | Elf:1    | Acquired 627 gold pieces
 51913 | Elf:1    | Got Iskenderun's Catalogue of Confrontation
 51952 | Elf:1    | Paralysed by an air elemental for 1 turns
 52041 | Elf:1    | Paralysed by an air elemental for 1 turns
 52195 | Elf:2    | Paralysed by an air elemental for 1 turns
 52227 | Elf:2    | Received a gift from Okawaru
 52248 | Elf:2    | Paralysed by an air elemental for 1 turns
 52525 | Elf:2    | Found a huge runed translucent gate.
 52525 | Elf:2    | Found a huge runed translucent gate.
 52554 | Elf:2    | Found a huge runed translucent gate.
 52688 | Elf:2    | Received a gift from Okawaru
 52980 | Elf:2    | Found a huge runed translucent gate.
 52981 | Elf:2    | Found a huge runed translucent gate.
 52997 | Elf:2    | Reached skill level 15 in Fighting
 53286 | Elf:2    | Received a gift from Okawaru
 53484 | Elf:3    | Entered Level 3 of the Elven Halls
 53783 | Elf:3    | Acquired a manual of Armour
 54106 | Elf:3    | Identified the +4 shortbow of Superiority {flame, Str+3
                  | Stlth+}
 54139 | Elf:3    | Paralysed by an air elemental for 1 turns
 54678 | Elf:3    | Reached skill level 19 in Unarmed Combat
 55105 | Elf:3    | Identified the +3 leather armour "Binlayff" {-Cast rN++
                  | Regen+}
 55171 | Elf:3    | Found the +3 hat of Pondering {ponderous, Will+ MP+10
                  | Int+5}
 55188 | Elf:3    | Got the Grimoire of Burning Feathers
 55406 | Elf:1    | Identified the +1 robe of Trumpets {Will+}
 55769 | Slime:1  | Entered Level 1 of the Pits of Slime
 55812 | Slime:1  | Reached XP level 25. HP: 252/252 MP: 3/27
 55831 | Slime:1  | Identified the +1 hat of Devotion {rN+ Dex+4} (Okawaru
                  | gifted it to you on level 1 of the Pits of Slime)
 55831 | Slime:1  | Received a gift from Okawaru
 56385 | Slime:2  | Gained mutation: You are frail. (-10% HP) [a shining eye]
 56856 | Slime:4  | Reached skill level 20 in Unarmed Combat
 57138 | Slime:5  | Entered Level 5 of the Pits of Slime
 57203 | Slime:5  | Reached skill level 15 in Armour
 57265 | Slime:5  | Found a viscous altar of Jiyva.
 57265 | Slime:5  | Noticed the Royal Jelly
 57346 | Slime:5  | Killed the Royal Jelly
 57346 | Slime:5  | Received a gift from Okawaru
 57440 | Slime:5  | Found the +8 trident of the Octopus King {venom, rElec
                  | rPois Will+}
 57442 | Slime:5  | Identified the +5 short sword "Uhiesinaer" {protect, rCorr
                  | Dex+5}
 57468 | Slime:5  | Identified the +3 robe "Tikoby" {Str-3 Int+4}
 57520 | Slime:5  | Identified the amulet of Xaevoihe {RegenMP Contam rN+
                  | Int+4}
 57534 | Slime:5  | Got a slimy rune of Zot
 57538 | Slime:5  | Identified the +5 whip of the Slime-mould {vorpal, Str+6
                  | Dex+4}
 58323 | Depths:1 | Bought a scroll of holy word for 127 gold pieces
 58323 | Depths:1 | Bought a scroll of magic mapping for 59 gold pieces
 58323 | Depths:1 | Bought a scroll of magic mapping for 59 gold pieces
 58323 | Depths:1 | Bought a scroll of teleportation for 51 gold pieces
 58558 | Crypt:1  | Entered Level 1 of the Crypt
 58568 | Crypt:1  | Found a magical portal.
 58576 | WizLab   | Entered Doroklohe's Tomb
 58814 | WizLab   | Received a gift from Okawaru
 58996 | WizLab   | Identified the +6 scale mail of Negligence {rElec rF+}
 59066 | Crypt:1  | Received a gift from Okawaru
 59594 | Crypt:1  | Identified the +1 robe of Cheibriados's Favour {Contam Fly
                  | Dex+2}
 59787 | Crypt:2  | Reached XP level 26. HP: 228/229 MP: 25/27
 60298 | Crypt:3  | Entered Level 3 of the Crypt
 60314 | Crypt:3  | Reached skill level 10 in Invocations
 60333 | Crypt:3  | Received a gift from Okawaru
 60477 | Crypt:3  | Found a staircase to the Tomb.
 60486 | Crypt:3  | Gained mutation: Your magical capacity is very low. (-20%
                  | MP) [a neqoxec]
 60487 | Crypt:3  | Gained mutation: You are very frail. (-20% HP) [a neqoxec]
 60603 | Crypt:3  | Reached skill level 15 in Throwing
 61618 | Crypt:3  | Identified the +8 chain mail of Nygoyw {rF+ rC- Stlth+}
 61800 | Crypt:3  | Found a basalt altar of Yredelemnul.
 61804 | Crypt:3  | Found an ancient bone altar of Kikubaaqudgha.
 61944 | Crypt:3  | - is that it
 61951 | Crypt:3  | Got Khufu's Almanac of Darkness
 62015 | Crypt:3  | Lost mutation: Your spells are a little easier to cast, but
                  | a little less powerful. [potion of mutation]
 62015 | Crypt:3  | Lost mutation: Your magical capacity is very low. (-20% MP)
                  | [potion of mutation]
 62015 | Crypt:3  | Gained mutation: You have a beak for a mouth. [potion of
                  | mutation]
 62107 | Vaults:3 | Bought a potion of heal wounds for 100 gold pieces
 62107 | Vaults:3 | Bought a potion of cancellation for 160 gold pieces
 62107 | Vaults:3 | Bought a potion of heal wounds for 100 gold pieces
 62107 | Vaults:3 | Bought a potion of heal wounds for 100 gold pieces
 62223 | D:13     | Learned a level 6 spell: Dispersal
 62230 | D:13     | Learned a level 6 spell: Invisibility
 62332 | D:12     | You showed the slimy rune of Zot to enter a treasure trove
 62333 | Trove    | Entered a treasure trove
 62337 | Trove    | Identified the +0 hat of Truth {Int+4 Dex+2}
 62350 | Trove    | Gained mutation: You tend to lose your temper in combat. [a
                  | shining eye]
 62353 | Trove    | - so that was unexpected
 62359 | Trove    | Identified the -5 hat "Vecanani" {Harm Int-3 SInv}
 62365 | Trove    | Lost mutation: You tend to lose your temper in combat. [a
                  | shining eye]
 63176 | Vaults:5 | Entered Level 5 of the Vaults
 63180 | Vaults:5 | Noticed Frederick
 63188 | Vaults:5 | Killed Frederick
 63189 | Vaults:5 | Received a gift from Okawaru
 63196 | Vaults:5 | Received a gift from Okawaru
 63266 | Vaults:5 | Identified the +0 buckler of Sunnuxka {rElec rF++ Int+2
                  | Stlth+}
 63362 | Vaults:5 | Noticed Margery
 63371 | Vaults:5 | Killed Margery
 63593 | Vaults:5 | Got the Incunabulum of Supportive Attacks
 63677 | Vaults:5 | Reached XP level 27. HP: 211/215 MP: 26/27
 63897 | Vaults:5 | Identified the +7 hand crossbow of Sin {vorpal, Int+3}
 63958 | Vaults:5 | Got Liopipp's Almanac of Supportive Translocation
 64056 | Vaults:5 | Noticed an ancient lich
 64063 | Vaults:5 | Killed an ancient lich
 64343 | Vaults:5 | Noticed Xtahua
 64355 | Vaults:5 | Killed Xtahua
 64355 | Vaults:5 | Received a gift from Okawaru
 64576 | Vaults:5 | Got a silver rune of Zot
 64693 | Vaults:5 | Received a gift from Okawaru
 65089 | D:13     | Lost mutation: You are very frail. (-20% HP) [potion of
                  | mutation]
 65089 | D:13     | Lost mutation: Your magical capacity is low. (-10% MP)
                  | [potion of mutation]
 65089 | D:13     | Lost mutation: You are frail. (-10% HP) [potion of
                  | mutation]
 65098 | D:13     | Learned a level 4 spell: Passage of Golubria
 65504 | Orc:2    | Bought runed fire dragon scales for 1638 gold pieces
 65769 | Zot:1    | Entered Level 1 of the Realm of Zot
 65835 | Zot:1    | Received a gift from Okawaru
 66149 | Zot:1    | Received a gift from Okawaru
 66658 | Zot:1    | Reached skill level 15 in Shields
 67295 | Zot:1    | Received a gift from Okawaru
 67942 | Zot:2    | Reached skill level 10 in Dodging
 68350 | Zot:2    | Found a transporter.
 68361 | Zot:2    | Found a transporter.
 68368 | Zot:2    | Identified the +1 chain mail of Ruduf {rElec rPois rCorr
                  | Dex-3}
 68386 | Zot:2    | Noticed ShutUppercut's ghost (legendary DsGl)
 68986 | Zot:3    | Identified the +2 robe of the Loofah {Regen+} (Okawaru
                  | gifted it to you on level 3 of the Realm of Zot)
 68986 | Zot:3    | Received a gift from Okawaru
 70981 | Zot:5    | Entered Level 5 of the Realm of Zot
 71557 | Zot:5    | Noticed an orb of fire
 71557 | Zot:5    | Noticed an orb of fire
 71558 | Zot:5    | - well thats a sudden shift
 71567 | Zot:5    | Gained mutation: Your muscles are strong. (Str +2) [an orb
                  | of fire]
 71568 | Zot:5    | Gained mutation: You tend to lose your temper in combat.
                  | [an orb of fire]
 71573 | Zot:5    | Gained mutation: You are clumsy. (Dex -2) [an orb of fire]
 71579 | Zot:5    | Gained mutation: Armour fits poorly on your strangely
                  | shaped body. [an orb of fire]
 71581 | Zot:5    | - berserk going to get me killed
 71582 | Zot:5    | Noticed a dread lich
 71587 | Zot:5    | Noticed an orb of fire
 71616 | Zot:5    | Killed an orb of fire
 71616 | Zot:5    | Received a gift from Okawaru
 71665 | Zot:5    | Received a gift from Okawaru
 72066 | Zot:5    | Reached skill level 15 in Dodging
 72196 | Zot:5    | Killed a dread lich
 72358 | Zot:5    | Received a gift from Okawaru
 72960 | Zot:5    | Gained mutation: You sometimes lose the ability to read
                  | scrolls when taking damage. [an orb of fire]
 72967 | Zot:5    | Killed an orb of fire
 73073 | Zot:5    | Gained mutation: Your body sometimes deteriorates upon
                  | taking damage. [an orb of fire]
 73084 | Zot:5    | Killed an orb of fire
 73556 | D:13     | Lost mutation: You sometimes lose the ability to read
                  | scrolls when taking damage. [potion of mutation]
 73556 | D:13     | Lost mutation: Your body sometimes deteriorates upon taking
                  | damage. [potion of mutation]
 73556 | D:13     | Gained mutation: You are somewhat resistant to further
                  | mutation. [potion of mutation]
 74313 | Zot:5    | Received a gift from Okawaru
 74674 | Zot:5    | Got the Orb of Zot
 74887 | Depths:4 | Received a gift from Okawaru
 75145 | D:14     | Noticed Gehenebo the pandemonium lord
 75284 | D:9      | Noticed Qys Bisu the pandemonium lord
 75338 | D:7      | Noticed Exzuamis the pandemonium lord
 75458 | D:4      | Noticed Qeumiys the pandemonium lord
 75522 | D:1      | Noticed Riz Fuera the pandemonium lord
 75523 | D:$      | Escaped with the Orb!

Illustrated notes #.......### ##..###...# #..#<#...# ##+## #........# ....# #........# #...# #........# #...####........# ......8.8.8##...# ....#..⌠.⌠.####.# ....##8.∩.8####.####### ....##.⌠.⌠.##.8.@.<.8.# .<†...8.8.8##.#.#####.# #+#####...#...... ...##...#.###### ........#.### .####.......# #.......# #.......# ##+###### Turn 892 on D:2: - hmmm ### #.####### #.# #############........ #.###.e>...e.....####.### ......##########.# .# ..##### #.# #.# ### #####.####.# #.......##.# #.###.#.##.# ######## #.###.#.##.## # .......#####.#....#....##.# .....).........<@###...)..# ###.##.#######.##e#.(..#### .##.##.# #.###.##.## .##.##.# #.###.##.###### .##.##.#### #...<.........# .##.......## #..##.##.####.# ....>......###..##.##.# .##)##.##.............# ...#...##.####.)####### ..###[###.####..# ##.#...........^# Turn 3729 on D:4: - dammit ### #.####### #.# #############........ ####.###.e>...e.....####.### .........##########.# .# .....##### #.# #.# ###### #####.####.# # #.......##.# # #.###.#.##.# ########### #.###.#.##.## # ..........#####.#....#....##.# ........).......@.<.###...)..# ##.###.##.#######.##.#.(..#### ....##.##.# #.###.##.## ##..##.##.# #.###.##.###### #..##.##.#### #...<.........# ##..##.......## #..##.##.####.# .......>......###..##.##.# ....##)##.##.............# ......#...##.####.)####### ##...###[###.####..# #.##.#...........^# Turn 3743 on D:4: - lucky .....>.#.# .......#.## ##.#.#.#..# ##.....##.# #####.....###### # #...........^ #.......######### #.......#.......# #.......#.⌠...⌠.# #.......#.......# #.......'...@...+ #.......#.......# #########.⌠...⌠.# #.......# ######### Turn 4839 on D:5: - all these flippin weapon shops #.###.##......<# .##..##........################## ##.###........................... .........#####.....P#######...... ...##...####....P.P...## #...... ...###### #.....PP.P...# #...... ...# ##.P.P...P....## #...... ...# #...P.PPPP.PP..# #...... ...# #..P..####.P...###...... ...#######P.P..'[.#..P...##...... ...........P...#@>#P............. ...........P...####..P........... ...........PP.......P............ ###########..P.P.......#......... #.....P......#......... ##.....P.P..##......... ###.P....####......... ################..######......... ................................. ################################# Turn 12299 on D:10: - you had poison dumbass #........# #...†...## #.(......### #..........### #......(...#.# #...........## ##...........## ####.........## ##..[^.....#### ##.........#.# ##..@.......##### ##.............# ##....>..#....## #............(## ###............### ##.............# ##....^..<..... #P.........##. ###.......).## ###......... #}..[...... Turn 13287 on Lair:1: - this is one wacky lair intro

.................)).....).......#
..............#...))............#
................................#
...............................##
................................#
.................................
.................................
................................#
.................................
...............#'#...............
...............'@'.............#.
...............#'#............###
.............................## #
............................# #.#
...........................# #...
........................ .###....
........................ ##.#...
........................ ##..o...
.......................###3.o#
......................###.oo##
.....................###.)3##


Turn 21844 on Orc:2: - more fun weapons #### ##...#### ........## ......Z..##
.......Z..## /..8....ZZ@# .?....u....# ©[:....∩.∩.# .?...Z.....# ?..8.ZZ.Z..#
..........## .........## ........## ##...#### #### Turn 27578 on IceCv: - I keep
getting these simulacra ones ##### ###...### ##.......# ##..##.##..# #..##...##
##.##.....## #..#..###..# #..#..#@#..# .# .# #..#)†#.#..#..#
.#......###.##....[##.# .#......# #..##...##..# .#......# ##..#####..# .'......#
##.......# .#..... ###...### .#... ##)## .###############)########
.[.............)))....... .)....................... Turn 40898 on Vaults:4: -
katana plus storm, nice ### #.. . #.########## . #.'.((@4§..# . #.######...#
#....# ..## ##...## .## #...## ## .#. #..## .... #..# ........## #..# ..........
#..####### #...##... #......... ......#. #.###.#### #....#. Turn 48874 on
Depths:5: - ugh pay attention .## ...# ...# #####''##### ## ##..........##
##:(#............# #))['$@.._.._....+ #.:!'........(...+
############![#............# # .........# ## ##.........# # .........#
#####''#### # .........# #######....####### # ......[..# ##.....'....'.....## #
#######..###......'....'......### #?.##.....###....###.....##
#..##.......##..##.......## #..##........####........## Turn 61944 on Crypt:3: -
is that it ≈≈≈≈≈≈≈≈≈≈≈≈≈≈≈≈≈≈≈≈ ≈≈≈≈≈≈≈≈≈≈≈≈≈≈≈≈≈≈≈≈ ≈≈≈≈≈≈≈≈≈≈≈≈.≈≈≈≈≈≈≈
≈≈≈≈≈≈≈≈≈≈..!.≈≈≈≈≈≈ ≈≈≈≈≈≈≈≈...!=...≈≈≈≈ ≈≈≈≈≈≈≈≈..∩[[=!.≈≈≈≈
≈≈≈≈≈≈≈...$...$..≈≈≈ ≈≈≈≈≈≈.?.[..∩.?..$≈≈ ≈≈≈≈≈≈≈...(...?(..≈≈
≈≈≈≈≈≈≈≈....@(∩:.≈≈≈ ≈≈≈≈≈≈≈≈≈..!./(..≈≈≈ ≈≈≈≈≈≈≈≈≈≈≈.[..≈≈≈≈≈
≈≈≈≈≈≈≈≈≈≈≈≈≈≈≈≈≈≈≈≈ ≈≈≈≈≈≈≈≈≈≈≈≈≈≈≈≈≈≈≈≈ ≈≈≈≈≈≈≈≈≈≈≈≈≈≈≈≈≈≈≈≈ ≈≈≈≈≈≈≈≈≈≈≈≈≈≈≈≈≈
≈≈≈≈≈≈≈≈≈≈≈≈≈≈≈≈≈ Turn 62353 on Trove: - so that was unexpected ..............^
..p.p...X...... ^...8.^(....... .........d..... ...^.p.....^... ...........^...
......^*..^.... .^*..p.@X...... ............... ......^.....^.. ..............▓
...........▓▓▓▓ ▓▓▓▓▓▓▓▓▓▓▓▓ Turn 71558 on Zot:5: - well thats a sudden shift
....... ....... ......# ▓▓▓▓▓▓##.....▓▓ .........§....▓ .^d............
§d^............. .p.§..§.@....... .d...X.......... ..§.............
...........!.$^. .....^.........▓ ................ .......X........
....$...§....... ............... ............... ...........X... Turn 71581 on
Zot:5: - berserk going to get me killed

Levels and vault maps discovered:
D:1:      lordsloth_arrival_two_stooges, layout_basic
D:2:      layout_basic, shapermc_ecumenical_altar_flowoftime, serial_shops,
          nicolae_shop_temple_entry_statues_fountains, shop_fountains,
          nicolae_shop_window_shopping, shop_statue,
          hangedman_abyss_or_decor_stabs
D:3:      layout_basic, mainiacjoe_overflow_two_lobes, serial_shops,
          nicolae_diamond_shop, uniq_sigmund
D:4:      layout_loops_ring, minmay_temple_entry_glassed_door, serial_shops,
          nicolae_shop_temple_entry_statues_fountains, kennysheep_boxes,
          uniq_duvessa
D:5:      layout_rooms, trog_antimagical, gup_ossuary_entry_pyramid,
          kennysheep_small_square
D:6:      layout_loops_ring
D:7:      kennysheep_housing_project, layout_loops_ring,
          riverfiend_overflow_shadow_ancestor, grunt_gozag_breadcrumbs,
          gammafunk_ghost_gnarly_gnolls
D:8:      layout_basic, kennysheep_mini, xom_teletrap_fun,
          mainiacjoe_overflow_tiny_flanked
D:9:      layout_roguey [special_room_kobold], lemuel_doored_altar, serial_ice,
          serial_ice_m, serial_ice_i, serial_ice_n, serial_ice_a
D:10:     minmay_the_grid_octo_triangle [minmay_the_grid_octo_thin_diamonds,
          minmay_the_grid_octo_prize_single_spiral,
          minmay_the_grid_octo_fat_diamond], layout_long_grid, slow_altar_1,
          grunt_lair_entry_orc_guard_hut, nicolae_shop_self_help, uniq_joseph
D:11:     layout_roguey, hiddenorc1_lemuel, uniq_harold
D:12:     layout_small_grid, enter_trove_2, serial_shops, nicolae_diamond_shop,
          nicolae_stop_n_shop_1, nicolae_shop_stone, uniq_maurice
D:13:     layout_rooms, david_vaults_2, serial_ice, serial_ice_j, serial_ice_f,
          serial_ice_c, serial_ice_h, minmay_misc_feat_roman
D:14:     layout_roguey, skrybe_limestone_x
D:15:     hangedman_depths_entry_civil_slaughter, layout_loops_ring,
          nicolae_wu_jian_wuxing_cycle
Temple:   jpeg_temple_clearing
Lair:1:   layout_hall_layers, special_room [special_room_bee], basic_altar,
          beast_lair_carwin_9
Lair:2:   layout_cave_pods, lemuel_fruit_tree
Lair:3:   layout_chaotic_city
Lair:4:   layout_roguey, nicolae_swamp_entry_splash_gauntlet,
          guppyfry_snake_entry_garden, minmay_lair_oklob_chamber
Lair:5:   layout_hall_layers, minmay_slime_entry_eyes, st_stairs_3,
          grunt_forest_small_clearings
Lair:6:   hangedman_lair_tendril_chambers, layout_small_grid, wormcave,
          minmay_hedge_maze
Swamp:1:  layout_basic_swamp, serial_swamp_ruin, hangedman_swamp_ruin_wall,
          evilmike_swamp_ruin_house_4, evilmike_swamp_ruin_house_5, swamp_pool3
Swamp:2:  layout_basic_swamp, nicolae_swamp_tree_isthmus
Swamp:3:  layout_basic_swamp, nicolae_swamp_fairy_circle,
          infiniplex_staircase_pool
Swamp:4:  swamp, layout_basic_swamp
Snake:1:  layout_onion_interference, portal_ice_cave_entry_ice_simulacra,
          grunt_ministairs_6
Snake:2:  layout_misc_corridors, uniq_aizul
Snake:3:  layout_onion, nicolae_snake_dead_anacondas, uniq_saint_roka
Snake:4:  minmay_snake_end_coiled, layout_grid_shapes, grunt_megastairs_4,
          serial_bayou_shore_b, uniq_kirke, uniq_roxanne
Slime:1:  layout_caves, cheibrodos_slime_lost_civilization_4
Slime:2:  layout_caves
Slime:3:  layout_caves
Slime:4:  cheibrodos_slime_lost_civilization_10, layout_caves,
          nicolae_slime_barrier, cheibrodos_slime_lost_civilization_5,
          uniq_dissolution
Slime:5
Orc:1:    layout_caves
Orc:2:    pf_orc_diabolical, layout_diamond_mine, serial_shops,
          nicolae_shop_behind_doors, nicolae_shop_statue_plus, shop,
          nicolae_shop_behind_doors
Elf:1:    layout_rooms, minmay_elf_annihilation, lemuel_statue_altar
Elf:2:    elven_hall_of_blades_hangedman_alternative
          [nicolae_vaults_blade_armed_guards], layout_loops_cross
Elf:3:    minmay_elf_hall_spiked, layout_geoelf_castle,
          minmay_checkered_concentric_circles
Vaults:1: nicolae_vaults_puzzle_piece, hangedman_vaults_nodes,
          vaults_room_stairs_pillars, layout_vaults_omnigrid,
          serial_hangedman_research, hangedman_research_probablistics,
          hangedman_research_pyrotechnics
Vaults:2: nicolae_vaults_three_branches, v_misc_26,
          nicolae_vaults_network_periphery, hangedman_vaults_stretched_pinwheel,
          nicolae_vaults_border_crossing, vaults_room_guarded_vault,
          ontoclasm_vaults_tryst, vaults_mumra_hexcomb, vaults_mumra_hex,
          layout_vaults_omnibox, serial_shops, nicolae_shop_waterfront
Vaults:3: ontoclasm_vaults_fault, ontoclasm_vaults_bender, vaults_dpeg_diagonal,
          v_misc_8, nicolae_vaults_little_squares_1, ontoclasm_vaults_shuriken,
          nicolae_vaults_mini_display_case, v_alt_pattern_1,
          minmay_crypt_entry_simple_corners, vaults_mumra_minichess_inversion,
          vaults_room_pools, vaults_room_hallway, vaults_dpeg_encased_lava,
          v_misc_2, vaults_dpeg_ring, vaults_room_grid,
          layout_vaults_maze_snakey, serial_shops, nicolae_shop_stone,
          uniq_bai_suzhen
Vaults:4: minmay_guarded_unrand_secular_launcher, v_misc_10, grunt_vaults_swirl,
          grunt_vaults_bifocal, v_pattern_3, ontoclasm_vaults_twist,
          vaults_room_corners, vaults_room_hallway, layout_vaults_omnicross
Vaults:5: uniq_xtahua, uniq_frederick, uniq_margery
Crypt:1:  layout_gridlike, mu_enter_wizlab_6
Crypt:2:  layout_rooms
Crypt:3:  lightli_unholy_cathedral, layout_chaotic_city,
          tomb_entry_shell_bobbens
Depths:1: minmay_complete_graph, layout_basic, enter_ziggurat_d, abyss_entry,
          fedhas_altar_1, serial_shops, shop, rand_demon_pan_entry_7,
          hell_entry, serial_co_window_serial, co_window_cross_1,
          co_window_of_opportunity_a, co_window_corner_a, co_window_paths_a,
          co_window_of_opportunity_a, co_window_corner_b, co_window_4corner_b,
          glass_columns_a, glass_columns_a, glass_columns_b, glass_columns_b,
          glass_columns_a, okawaru_altar_gauntlet_db
Depths:2: grunt_x_marks_the_spot, layout_cave_pools,
          nicolae_dithmenos_the_darkroom, hell_entry
Depths:3: little_maze_vault, layout_cave_pools, rand_demon_pan_entry_5,
          hell_entry
Depths:4: kb_forest_paths, layout_basic, grunt_hell_horde,
          nemelex_xobeh_ov_fountains_minmay, abyss_entry, serial_shops,
          nicolae_stop_n_shop_1, infiniplex_staircase_zigzag_2, uniq_sojobo
Depths:5: lemuel_castle_with_subvaults [lemuel_castle_interior_original],
          layout_cave_pools, grunt_hell_entry_dis_old, lemuel_round_altar,
          grunt_pan_entry_zigzag, amcnicky_mini_pool_small
Zot:1:    lemuel_draconian_sentries, layout_basic, nrook_zot_tub
Zot:2:    layout_misc_corridors, gammafunk_ghost_arena, zot_minivault_3
Zot:3:    layout_cathedral_of_symmetry, grunt_megastairs_3
Zot:4:    layout_gridville
Zot:5:    layout_onion

Skill      XL: |  1  2  3  4  5  6  7  8  9 10 11 12 13 14 15 16 17 18 19 20 21 22 23 24 25 26 27 |
---------------+----------------------------------------------------------------------------------+-----
Throwing       | 2 3 4 5 6 7 9 10 12 14 15 | 15.0
Unarmed Combat | 1 2 3 5 6 7 9 12 15 16 18 19 20 | 20.0
Invocations    | 2 5 6 9 10 | 10.0
Hexes          | 5 6 7 9 12 13 14 | 14.0
Spellcasting   | 4 5 6 |  6.0
Fighting       | 2 6 9 10 12 14 15 19 | 19.0
Translocations | 2 5 6 9 11 12 13 14 | 14.0
Shields        | 3 6 7 9 10 12 14 15 | 15.0
Evocations     | 3 9 11 | 11.0
Armour         | 5 7 9 12 16 18 | 18.0
Dodging        | 4 6 8 9 15 | 15.0

Action                   |  1- 3 |  4- 6 |  7- 9 | 10-12 | 13-15 | 16-18 | 19-21 | 22-24 | 25-27 || total
-------------------------+-------+-------+-------+-------+-------+-------+-------+-------+-------++-------
Melee: Unarmed           |   113 |   128 |   357 |   700 |  1299 |  1233 |  1522 |  1220 |  1461 ||  8033
       Punch             |       |     2 |    10 |    30 |    91 |       |       |       |       ||   133
       Peck              |       |       |       |       |       |       |       |       |   145 ||   145
Throw: Stone             |    21 |    45 |   132 |    31 |     3 |       |       |       |       ||   232
       Boomerang         |       |       |     5 |     5 |   550 |   398 |    79 |       |       ||  1037
       Dart              |       |       |     2 |       |     4 |       |       |       |     7 ||    13
       Large rock        |       |       |       |     4 |    11 |       |     5 |       |   406 ||   426
       Javelin           |       |       |       |       |    25 |   128 |    84 |   402 |   426 ||  1065
       Throwing net      |       |       |       |       |       |       |     1 |       |       ||     1
 Cast: Corona            |       |     5 |     4 |       |     4 |     9 |     5 |     3 |       ||    30
       Slow              |       |       |    40 |    84 |   184 |    81 |   106 |    66 |    22 ||   583
       Cause Fear        |       |       |       |       |     2 |     6 |     2 |       |       ||    10
       Blink             |       |       |       |       |     2 |    16 |     2 |    10 |    16 ||    46
       Portal Projectile |       |       |       |       |       |     2 |       |       |     4 ||     6
       Gell's Gravitas   |       |       |       |       |       |     1 |       |       |     2 ||     3
       Manifold Assault  |       |       |       |       |       |       |    12 |    27 |    99 ||   138
       Confusing Touch   |       |       |       |       |       |       |       |     1 |       ||     1
       Invisibility      |       |       |       |       |       |       |       |       |     1 ||     1
       Dispersal         |       |       |       |       |       |       |       |       |     4 ||     4
       Apportation       |       |       |       |       |       |       |       |       |     1 ||     1
Invok: Heroism           |       |       |     2 |     8 |    22 |    31 |    19 |    25 |    50 ||   157
       Finesse           |       |       |       |     1 |       |     3 |     1 |     2 |     5 ||    12
Evoke: Wand              |       |       |       |     1 |    10 |    42 |    12 |    43 |    39 ||   147
       Lightning rod     |       |       |       |       |       |     4 |       |       |       ||     4
       Condenser vane    |       |       |       |       |       |       |     1 |       |       ||     1
  Use: Potion            |       |       |     3 |     2 |     5 |     8 |     5 |     4 |    33 ||    60
       Scroll            |       |       |    11 |     4 |    13 |     3 |     2 |     7 |    21 ||    61
 Stab: Held in net/web   |       |       |       |       |       |       |       |       |     1 ||     1
Armor: Robe              |    44 |    31 |   105 |   162 |       |       |       |       |       ||   342
       Acid dragon scale |       |       |       |    63 |   598 |       |       |       |       ||   661
       Skin              |       |       |       |     2 |       |       |       |       |       ||     2
       Swamp dragon scal |       |       |       |       |    18 |   618 |   286 |       |       ||   922
       Pearl dragon scal |       |       |       |       |       |       |   213 |   356 |   394 ||   963
Dodge: Dodged            |    68 |    35 |   128 |   274 |   594 |   376 |   366 |   196 |   225 ||  2262
Block: Other             |    11 |    18 |    75 |    83 |       |       |       |       |       ||   187
       Reflection        |       |     1 |     1 |     6 |       |       |       |    59 |    55 ||   122
       Kite shield       |       |       |       |       |   114 |   915 |   693 |       |       ||  1722
       Tower shield      |       |       |       |       |       |       |   111 |   980 |  1294 ||  2385
